 Dungeon Crawl Stone Soup version 0.29.1-15-g9cfb28693d (webtiles) character file.

Game seed: 6699532450262865126

9 WimpyRanger the Trooper (level 2, 0/19 HPs)
             Began as a Tengu Berserker on Mar 14, 2023.
             Was a Follower of Trog.
             Slain by a ball python (3 damage)
             ... on level 1 of the Dungeon.
             The game lasted 00:00:25 (227 turns).

WimpyRanger the Trooper (Tengu Berserker)            Turns: 227, Time: 00:00:26

Health: 0/19       AC:  2    Str: 17    XL:     2   Next: 12%
Magic:  3/3        EV:  9    Int:  7    God:    Trog [*.....]
Gold:   1          SH:  0    Dex: 13    Spells: 1/1 levels left

rFire   . . .      SeeInvis .     - Unarmed
rCold   . . .      Faith    .   (no shield)
rNeg    . . .      Spirit   .   a - +0 animal skin
rPois   .          Reflect  .   (helmet restricted)
rElec   .          Harm     .   (no cloak)
rCorr   .          Rampage  .   (no gloves)
Will    .....                   (boots unavailable)
Stlth   +.........              (no amulet)
HPRegen 0.06/turn               (no ring)
MPRegen 0.08/turn               (no ring)

@: constricted
A: beak, talons 3
a: Renounce Religion, Berserk


You were on level 1 of the Dungeon.
You worshipped Trog.
Trog was aware of your devotion.
You visited 1 branch of the dungeon, and saw 1 of its levels.

You collected 1 gold pieces.

Inventory:

Armour
 a - a +0 animal skin (worn)
Potions
 b - a potion of lignification {unknown}


   Skills:
 * Level 3.4 Fighting
 + Level 2.2 Armour
 + Level 2.4 Dodging
 - Level 3.2 Unarmed Combat


You had one spell level left.
You didn't know any spells.
Your spell library was empty.

Dungeon Overview and Level Annotations

Branches:
Dungeon (1/15)

Altars:


Innate Abilities, Weirdness & Mutations

You have a beak for a mouth.
You have claws for feet.


Message History

You closely miss the goblin.
The goblin is almost dead.
The goblin barely misses you. The ball python closely misses you.
The ball python grabs you. The ball python constricts you.
You barely miss the ball python.
You claw the ball python, but do no damage.
The goblin hits you but does no damage.
The ball python bites you but does no damage.
The ball python constricts you.
You closely miss the ball python. You punch the ball python.
The ball python is moderately wounded.
The goblin hits you with a +0 club.
The ball python bites you but does no damage.
The ball python constricts you.
You barely miss the goblin.
The goblin is almost dead.
The ball python barely misses you. The ball python constricts you.
The goblin hits you but does no damage.
You barely miss the goblin.
The goblin is almost dead.
The ball python misses you. The ball python constricts you.
The goblin misses you.
You barely miss the goblin. Your kick misses the goblin.
The goblin is almost dead.
The ball python barely misses you. The ball python constricts you.
The goblin hits you with a +0 club.
* * * LOW HITPOINT WARNING * * *
You barely miss the goblin. You claw the goblin.
You kill the goblin!
Trog accepts your kill.
The ball python bites you but does no damage.
The ball python constricts you.
* * * LOW HITPOINT WARNING * * *
You barely miss the ball python. Your kick misses the ball python.
The ball python is moderately wounded.
The ball python misses you. The ball python constricts you.
You closely miss the ball python. Your peck misses the ball python.
The ball python is moderately wounded.
The ball python bites you.
You die...

#####.#####
#.........#
#.###.###.####
#.# #.....
###.###.###..##
#.............#
#.#.###.###...###
#.........#.#
#####@S......
......).).#.#..
........(....
####..........#
#.##...#.#># #.
#.###.# # # #.# #
#.#


You could see a ball python.

Vanquished Creatures
  A bat (D:1)
  An endoplasm (D:1)
  3 goblins (D:1)
  A hobgoblin (D:1)
  A frilled lizard (D:1)
7 creatures vanquished.

Notes
Turn   | Place    | Note
-------+----------+-------------------------------------------
     0 | D:1      | WimpyRanger the Tengu Berserker began the quest for the
                  | Orb.
     0 | D:1      | Reached XP level 1. HP: 14/14 MP: 2/2
   216 | D:1      | Reached XP level 2. HP: 17/19 MP: 3/3
   227 | D:1      | Slain by a ball python

Illustrated notes

Levels and vault maps discovered:
D:1:      minmay_arrival_stone_box, layout_loops_ring,
          ebering_ecumenical_altar_hall

Action                   || total
-------------------------++-------
Melee: Unarmed           ||    27
       Kick              ||     2
       Punch             ||     1
Armor: Animal skin       ||    10
Dodge: Dodged            ||    18
